 Dungeon Sprint DCSS version 0.19-a0-1490-g5dd3618 (webtiles) character file.

1871 poirepourri the Unseen (level 8, -2/36 HPs)
             Began as a Spriggan Enchanter on Sept 8, 2016.
             Was a Follower of Dithmenos.
             Splashed by an oklob plant's acid (14 damage)
             ... in the Dungeon (Sprint I: "Red Sonja").
             The game lasted 00:01:55 (495 turns).

poirepourri the Unseen (Spriggan Enchanter)          Turns: 495, Time: 00:01:56

Health: -2/36      AC:  6    Str:  4    XL:     8   Next: 90%
Magic:  16/22      EV: 27    Int: 16    God:    Dithmenos [*.....]
Gold:   117        SH:  0    Dex: 19    Spells: 5 memorised, 14 levels left

rFire  + . .     SeeInvis +     a - +1 dagger
rCold  . . .     Gourm    .     l - +2 robe {rF+}
rNeg   . . .     Faith    .     (shield restricted)
rPois  +         Spirit   .     (helmet restricted)
rElec  .         Dismiss  .     k - +1 cloak {rPois}
rCorr  .         Reflect  .     (gloves unavailable)
MR     +....     Harm     .     (boots unavailable)
Stlth  +++++++++. NoTele   +    (no amulet)
                                (no ring)
                                (no ring)

@: very slightly contaminated, wreathed by umbra, very quick
A: unfitting armour, see invisible, herbivore 3, speed 3, slow metabolism 2
a: Renounce Religion


You were in the Dungeon.
You worshipped Dithmenos.
Dithmenos was aware of your devotion.
You were not hungry.

You visited 1 branch You collected 459 gold pieces.
You spent 342 gold pieces at shops.

Inventory:

Hand Weapons
 a - a +1 dagger (weapon)
Armour
 b - a +1 robe
 k - a +1 cloak of poison resistance (worn)
 l - a +2 robe of fire resistance (worn)
Potions
 e - a potion of curing
 f - a potion of heal wounds
 g - a potion of haste
 h - 2 potions of magic
Books
 c - a book of Maledictions

   Spells                             Type                      Level
   a - Corona                         Hexes                        1
   b - Ensorcelled Hibernation        Hexes/Ice                    2
   c - Confuse                        Hexes                        3
   d - Tukima's Dance                 Hexes                        3
   e - Dazzling Spray                 Conjuration/Hexes            3
Comestibles
 d - a bread ration


   Skills:
 + Level 2.9 Short Blades
 + Level 10.2 Dodging
 + Level 17.9 Stealth
 + Level 9.6 Spellcasting
 + Level 13.8 Hexes
 + Level 1.2 Ice Magic


You had 14 spell levels left.
You knew the following spells:

 Your Spells              Type           Power        Failure   Level  Hunger
a - Corona                Hex            ######.      1%          1    None
b - Ensorcelled Hibernat  Hex/Ice        ####..       1%          2    None
c - Confuse               Hex            ######..     1%          3    None
d - Tukima's Dance        Hex            ######..     1%          3    None
e - Dazzling Spray        Conj/Hex       ####..       1%          3    None


Dungeon Overview and Level Annotations

Branches:
Dungeon (1/1)

Altars:
Cheibriados
Dithmenos
Elyvilon
Fedhas
Gozag
Hepliaklqana
Kikubaaqudgha
Makhleb
Nemelex Xobeh
Okawaru
Qazlal
Ru
Sif Muna
Trog
Uskayaw
Vehumet
Xom
Yredelemnul
Zin
The Shining One
Jiyva
Lugonu

Shops:
D [

Annotations:
D exclusion: oklob plant


Innate Abilities, Weirdness & Mutations

You are tiny and cannot use many weapons and most armour.
You have supernaturally acute eyesight. (SInv)
You are a herbivore.
You cover ground extremely quickly.
You need consume almost no food.


Message History

You kill the centaur warrior!
Dithmenos accepts your kill.
You are shrouded in an aura of darkness!
Your Dodging skill increases to level 10!
Your Stealth skill increases to level 17!
Your Ice Magic skill increases to level 1!
You now have 117 gold pieces (gained 54).
Things that are here:
a shortbow; 16 arrows; a centaur corpse
Found 54 gold pieces.
A wasp comes into view.
A wasp is nearby!
A wasp is nearby!
A wasp is nearby!
Marking area around the oklob plant as unsafe for travelling.
An oklob plant comes into view.
There is an open door here.
The oklob plant spits acid at you. The splash of acid hits you!
The acid burns!
You die...

################
'..#.)'..#__#..+
#.)'..#..'..'..#
##'#####'#__####
#..#...#)####(§####
####..##%#(§§§§#§§#
___##'#..)§§§§§§@y#
∩..†'..._#(§§§§#§.#
.__##_.#'##+#####'#
___###+#.# P+ ####
### ##


You could see an oklob plant and a wasp (sleeping).

Vanquished Creatures
  2 centaur warriors (D)
  A slime creature (D)
  Sigmund (D)
  A yak (D)
  An ogre (D)
  A jelly (D)
  Ijyb (D)
8 creatures vanquished.

Vanquished Creatures (others)
  A gargoyle (D)
1 creature vanquished.

Grand Total: 9 creatures vanquished

Notes
Turn   | Place    | Note
-------+----------+-------------------------------------------
     0 | D        | poirepourri the Spriggan Enchanter began the quest for the Orb.
     0 | D        | Reached XP level 1. HP: 9/9 MP: 5/5
     3 | D        | Noticed Ijyb
    18 | D        | Killed Ijyb
    18 | D        | Reached skill level 6 in Stealth
    18 | D        | Reached skill level 5 in Hexes
    18 | D        | Reached XP level 2. HP: 3/13 MP: 6/8
   270 | D        | Learned a level 2 spell: Ensorcelled Hibernation
   276 | D        | Noticed an ogre
   279 | D        | Killed an ogre
   279 | D        | Reached skill level 5 in Dodging
   279 | D        | Reached skill level 9 in Stealth
   279 | D        | Reached skill level 5 in Spellcasting
   279 | D        | Reached XP level 3. HP: 16/16 MP: 8/10
   279 | D        | Reached XP level 4. HP: 21/21 MP: 9/12
   291 | D        | Noticed Sigmund
   295 | D        | Killed Sigmund
   295 | D        | Reached skill level 11 in Stealth
   295 | D        | Reached XP level 5. HP: 24/24 MP: 9/15
   302 | D        | Learned a level 3 spell: Confuse
   306 | D        | Learned a level 3 spell: Tukima's Dance
   310 | D        | Learned a level 3 spell: Dazzling Spray
   326 | D        | Killed a gargoyle
   346 | D        | Found a deep blue altar of Sif Muna.
   348 | D        | Found a radiant altar of Vehumet.
   352 | D        | Reached skill level 10 in Hexes
   352 | D        | Reached XP level 6. HP: 28/28 MP: 16/16
   370 | D        | Found Taoggoco's Armour Emporium.
   370 | D        | Found an ancient bone altar of Kikubaaqudgha.
   370 | D        | Found a hazy altar of Hepliaklqana.
   370 | D        | Found a stormy altar of Qazlal.
   370 | D        | Found a hide-covered altar of Uskayaw.
   370 | D        | Found a blossoming altar of Fedhas.
   370 | D        | Found a bloodstained altar of Trog.
   370 | D        | Found an iron altar of Okawaru.
   370 | D        | Found a basalt altar of Yredelemnul.
   370 | D        | Found a glowing golden altar of the Shining One.
   370 | D        | Found a snail-covered altar of Cheibriados.
   370 | D        | Found a sacrificial altar of Ru.
   370 | D        | Found a glowing silver altar of Zin.
   370 | D        | Found a shadowy altar of Dithmenos.
   370 | D        | Found a white marble altar of Elyvilon.
   370 | D        | Noticed a yak
   371 | D        | Found an opulent altar of Gozag.
   372 | D        | Killed a yak
   372 | D        | Reached skill level 13 in Stealth
   373 | D        | Found a sparkling altar of Nemelex Xobeh.
   381 | D        | Became a worshipper of Dithmenos the Shadowed
   405 | D        | Found a burning altar of Makhleb.
   405 | D        | Found a viscous altar of Jiyva.
   405 | D        | Found a shimmering altar of Xom.
   405 | D        | Found a corrupted altar of Lugonu.
   405 | D        | Noticed a slime creature
   408 | D        | Killed a slime creature
   408 | D        | Reached skill level 14 in Stealth
   408 | D        | Reached XP level 7. HP: 32/32 MP: 17/19
   439 | D        | Bought a +1 cloak of poison resistance for 148 gold pieces
   439 | D        | Bought a +2 robe of fire resistance for 194 gold pieces
   466 | D        | Noticed a centaur warrior
   466 | D        | Noticed a centaur warrior
   482 | D        | Killed a centaur warrior
   482 | D        | Reached skill level 16 in Stealth
   482 | D        | Reached XP level 8. HP: 36/36 MP: 18/22
   490 | D        | Killed a centaur warrior
   490 | D        | Reached * piety under Dithmenos
   490 | D        | Reached skill level 10 in Dodging
   490 | D        | Reached skill level 17 in Stealth
   490 | D        | Reached skill level 1 in Ice Magic
   494 | D        | Noticed an oklob plant
   495 | D        | Splashed by an oklob plant's acid

Vault maps used:
D:        dungeon_sprint_1

Skill      XL: |  1  2  3  4  5  6  7  8 |
---------------+-------------------------+-----
Dodging        | 4 5 6 8 9 10 | 10.2
Stealth        | 6 9 11 14 16 17 | 17.9
Spellcasting   | 4 5 6 8 9 |  9.6
Hexes          | 5 7 9 10 11 13 | 13.8
Short Blades   | 2 |  2.9
Ice Magic      | 1 |  1.2

Action                   |  1- 3 |  4- 6 |  7- 9 || total
-------------------------+-------+-------+-------++-------
Melee: Dagger            |    13 |     4 |     3 ||    20
 Cast: Ensorcelled Hiber |       |     1 |     3 ||     4
  Use: Potion            |     1 |       |       ||     1
       Scroll            |       |       |     2 ||     2
 Stab: Sleeping          |     2 |     4 |     2 ||     8
Armor: Robe              |     1 |       |       ||     1
Dodge: Dodged            |     5 |       |     2 ||     7
